 Dungeon Crawl Stone Soup version 0.31-a0-214-gb37851dbb3 (webtiles) character file.

Game seed: 2635222684259390017

76329 nono the Slayer (level 15, -22/192 HPs)
             Began as an Ogre Fighter on July 1, 2023.
             Was the Champion of Jiyva.
             Annihilated by a golden dragon simulacrum (41 damage)
             ... in an ice cave on July 2, 2023.
             The game lasted 00:46:54 (15520 turns).

nono the Slayer (Ogre Fighter)                     Turns: 15520, Time: 00:46:55

Health: -22/192    AC: 18    Str: 30    XL:     15   Next: 9%
Magic:  24/24      EV: 10    Int: 14    God:    Jiyva [******]
Gold:   908        SH: 16    Dex:  6    Spells: 14/14 levels left

rFire   . . .        x - +5 morningstar (protect)
rCold   . . .        c - +0 kite shield
rNeg    . . .        d - +2 robe {Will+}
rPois   .            (helmet restricted)
rElec   .            (no cloak)
rCorr   +            (gloves unavailable)
SInv    +            (boots unavailable)
Will    +++..        F - amulet of reflection
Stlth   ++           H - ring of Zovu {MP+9 AC+4 Int+5 Dex-2}
HPRegen 2.12/turn    J - ring of willpower
MPRegen 0.69/turn

%: reflection
@: under a protective aura, studying Staves
A: large, unfitting armour, tough skin 1, iridescent scales 1, see invisible,
mutation resistance 1, wild magic 1, acidic bite, eyeballs 3, gelatinous body 1,
pseudopods 1, translucent skin 3, jelly sensing items
}: 1/15 runes: slimy
a: Renounce Religion, Oozemancy, Slimify


You were in an ice cave.
You worshipped Jiyva.
Jiyva was exalted by your worship.
You visited 3 branches of the dungeon, and saw 24 of its levels.
You also visited: Ice Cave.

You collected 908 gold pieces.

Inventory:

Hand Weapons
 a - a +0 flail
 l - a +2 dagger of venom
 n - a +0 giant spiked club of draining
 x - a +5 morningstar of protection (weapon)
 I - the +2 great mace of Bloodstone {holy, Will+ Str+2}
   (You took it off a deep elf pyromancer on level 9 of the Dungeon)

   Str:       It affects your strength (+2).
   Will:      It increases your willpower.
 S - a +0 demon whip of draining
Armour
 c - a +0 kite shield (worn)
 d - a +2 robe of willpower (worn)
 r - +0 swamp dragon scales
 y - +0 acid dragon scales
 T - a +0 troll leather armour
Jewellery
 m - an amulet of guardian spirit
 o - a +6 ring of intelligence
 u - a ring of magical power
 F - an amulet of reflection (around neck)
 H - the ring of Zovu (left hand) {MP+9 AC+4 Int+5 Dex-2}
   (You took it off a deep elf pyromancer on level 9 of the Dungeon)

   [ring of protection]

   AC:        It affects your AC (+4).
   Int:       It affects your intelligence (+5).
   Dex:       It affects your dexterity (-2).
   MP:        It affects your magic capacity (+9).
 J - a ring of willpower (right hand)
 M - the ring "Lifeus" {rElec Will- rCorr Dex+2}
   (You found it on level 5 of the Pits of Slime)

   [ring of resist corrosion]

   Dex:       It affects your dexterity (+2).
   rElec:     It insulates you from electricity.
   rCorr:     It protects you from acid and corrosion.
   Will:      It decreases your willpower.
 N - a ring of fire
Wands
 k - a wand of charming (6)
 s - a wand of polymorph (20)
 w - a wand of flame (23)
 E - a wand of roots (8)
 Q - a wand of digging (4)
Scrolls
 b - a scroll of enchant weapon {unknown}
 h - a scroll of immolation {unknown}
 i - 3 scrolls of teleportation
 j - a scroll of brand weapon
 v - 3 scrolls of fear {unknown}
 A - a scroll of enchant armour {unknown}
 G - a scroll of vulnerability
 P - a scroll of fog {unknown}
 U - a scroll of poison {unknown}
 V - a scroll of amnesia {unknown}
 X - 2 scrolls of identify
 Y - a scroll of silence {unknown}
Potions
 e - a potion of haste
 f - 7 potions of curing
 p - 2 potions of attraction
 q - 2 potions of ambrosia {unknown}
 t - 2 potions of enlightenment
 z - 3 potions of mutation {unknown}
 B - 2 potions of invisibility
 C - 2 potions of magic
 D - 2 potions of resistance {unknown}
 K - a potion of lignification
 L - a potion of brilliance
 O - a potion of degeneration {unknown}
 R - a potion of cancellation {unknown}
Miscellaneous
 W - a phial of floods


   Skills:
 + Level 22.7 Fighting
 + Level 13.9 Maces & Flails
 - Level 2.6 Dodging
 + Level 12.6 Shields


You had 14 spell levels left.
You didn't know any spells.
Your spell library contained the following spells:

 Spells                   Type           Power      Damage    Failure   Level
 Apportation              Tloc           0%         N/A       47%         1
 Freeze                   Ice            0%         1d3       47%         1
 Ensorcelled Hibernation  Hex/Ice        0%         N/A       63%         2
 Lesser Beckoning         Tloc           0%         N/A       63%         2
 Passwall                 Tmut/Erth      0%         N/A       63%         2
 Call Canine Familiar     Summ           0%         N/A       83%         3
 Frozen Ramparts          Ice            0%         1d1       83%         3
 Gell's Gravitas          Tloc           0%         N/A       83%         3
 Hailstorm                Conj/Ice       0%         3d3       83%         3
 Ignite Poison            Fire/Tmut/Pois 0%         N/A       83%         3
 Portal Projectile        Hex/Tloc       0%         N/A       83%         3
 Spider Form              Tmut/Pois      0%         N/A       83%         3
 Swiftness                Air            0%         N/A       83%         3
 Teleport Other           Tloc           0%         N/A       83%         3
 Tukima's Dance           Hex            0%         N/A       83%         3
 Vhi's Electric Charge    Tloc/Air       0%         N/A       83%         3
 Animate Armour           Summ/Erth      0%         N/A       99%         4
 Leda's Liquefaction      Hex/Erth       0%         N/A       99%         4
 Sticky Flame             Conj/Fire      0%         2d3       99%         4
 Summon Lightning Spire   Summ/Air       0%         N/A       99%         4
 Alistair's Intoxication  Tmut/Pois      0%         N/A       100%        5
 Arcjolt                  Conj/Air       0%         1d10      100%        5
 Blade Hands              Tmut           0%         N/A       100%        5
 Iskenderun's Battlesphe  Conj           0%         2d6       100%        5
 Dispersal                Tloc           0%         N/A       100%        6
 Leda's Unmaking          Conj/Erth      0%         9d1       100%        6
 Spellforged Servitor     Conj/Summ      0%         N/A       100%        7
 Ignition                 Fire           0%         3d3       100%        8
 Maxwell's Capacitive Co  Air            0%         ∞         100%        8
 Chain Lightning          Conj/Air       0%         N/A       100%        9


Dungeon Overview and Level Annotations

Branches:
Dungeon (14/15)            Temple (0/1) D:7            Lair (5/5) D:10
 Shoals (0/4) Lair:3        Snake (0/4) Lair:2        Slime (5/5) Lair:4
    Orc (0/2) D:10         Vaults (0/5) D:13          IceCv (1/1)

Altars:
Ashenzari
Fedhas
Ru
Vehumet
Wu Jian
The Shining One
Jiyva

Annotations:
D:3 1 runed translucent door
D:8 2 runed translucent doors
D:11 2 transporters, exclusion: ice statue, KimchiStew's ghost, journeyman GrHs
Lair:2 exclusion: oklob plant
Lair:3 exclusion: oklob plant
Slime:5 Royal Jelly


Innate Abilities, Weirdness & Mutations

You are too large for most types of armour.
You have tough skin. (AC +1)
You are partially covered in iridescent scales. (AC +2)
You have supernaturally acute eyesight. (SInv)
You are somewhat resistant to further mutation.
Your spells are a little harder to cast, but a little more powerful.
You have acidic saliva.
Your body is covered in eyes which may confuse attackers. (Acc +7, SInv)
Your rubbery body absorbs attacks. (AC +1, EV +1)
Armour fits poorly on your pseudopods.
Your transparent skin significantly reduces your foes' accuracy. (Stealth+)
You have a small jelly attached to you that senses nearby items.


Message History

The dire elephant simulacrum tramples you but does no damage.
The dire elephant simulacrum trunk-slaps you but does no damage.
You hit the dire elephant simulacrum but do no damage.
The dire elephant simulacrum is heavily damaged.
The dire elephant simulacrum tramples you!!
You hold your ground!
The dire elephant simulacrum trunk-slaps you!
The dire elephant simulacrum freezes you!!
You hit the dire elephant simulacrum but do no damage.
You bludgeon the dire elephant simulacrum, but do no damage.
The dire elephant simulacrum is heavily damaged.
You feel yourself speed up.
The dire elephant simulacrum tramples you!!
You hold your ground!
The dire elephant simulacrum trunk-slaps you.
The dire elephant simulacrum freezes you!!
The lindwurm simulacrum bites you but does no damage.
The eyeballs on your body gaze at the lindwurm simulacrum.
The lindwurm simulacrum barely misses you.
You block the lindwurm simulacrum's attack.
You feel much better.
The dire elephant simulacrum tramples you!
You hold your ground!
The dire elephant simulacrum trunk-slaps you but does no damage.
The eyeballs on your body gaze at the dire elephant simulacrum.
The lindwurm simulacrum bites itself.
The lindwurm simulacrum claws itself but does no damage.
The lindwurm simulacrum claws itself.
You hit the dire elephant simulacrum but do no damage.
You bludgeon the dire elephant simulacrum.
The dire elephant simulacrum is severely damaged.
You block the dire elephant simulacrum's attack.
The dire elephant simulacrum trunk-slaps you but does no damage.
The golden dragon simulacrum bites you!!
The golden dragon simulacrum freezes you!!!
* * * LOW HITPOINT WARNING * * *
The golden dragon simulacrum claws you!
* * * LOW HITPOINT WARNING * * *
The golden dragon simulacrum freezes you!!!
You die...

####### ####
#.....## #..[?
#......###.....
#.......#......
#.∩..∩.........
#....ZZ.#......
#...Z.Z## .....
#....@## ..)$
####### ###


You could see a dire elephant simulacrum (confused), a lindwurm simulacrum
(confused) and 2 golden dragon simulacra.

Vanquished Creatures
  A storm dragon (D:13)
  A fire giant (D:13)
  Nessos (Lair:3)
  A vault guard (D:13)
  2 anacondas (Lair:1)
  Erolcha (D:9)
  2 catoblepae (D:13)
  A merfolk avatar (Lair:5)
  2 centaur warriors (D:13)
  3 hydras
  5 two-headed ogres
  4 boulder beetles
  A death yak (Lair:1)
  A deep elf knight (D:13)
  3 skeletal warriors (D:10)
  A sea snake (Lair:5)
  4 skysharks
  A lindwurm (Lair:2)
  2 harpies
  An orc knight (D:9)
  3 ugly things
  3 deep elf pyromancers
  A wolf spider (D:13)
  4 manticores
  An oklob plant (Lair:5)
  5 cyclopes
  6 elephants
  3 black mambas
  11 cane toads
  3 torpor snails
  7 rime drakes
  Maggie (D:6)
  A yaktaur (D:13)
  An efreet (D:13)
  A freezing wraith (IceCv)
  9 komodo dragons
  5 trolls
  A polar bear (Lair:1)
  Grinder (D:3)
  12 blink frogs
  A raiju (shapeshifter) (D:12)
  2 wind drakes (Lair:5)
  2 dream sheep (Lair:1)
  A snapping turtle (Lair:3)
  5 shadows
  2 wraiths
  A dire elephant simulacrum (IceCv)
  Sigmund (D:2)
  5 wyverns
  A vampire (D:12)
  49 yaks
  5 basilisks
  Grum (D:10)
  5 vampire mosquitoes
  Menkaure (D:6)
  3 harpy simulacra (IceCv)
  4 acid dragons
  3 nagas (Lair:2)
  A hydra simulacrum (IceCv)
  15 water moccasins
  3 black bears
  4 orc warriors
  2 sky beasts
  3 ice beasts
  2 ogres (D:5)
  3 wolves
  6 centaurs
  3 phantoms
  9 bullfrogs
  4 kobold brigands
  3 scorpions
  A gnoll sergeant (D:8)
  4 wights
  6 killer bees
  3 howler monkeys
  4 orc priests
  A gnoll bouda (D:5)
  2 hounds
  An iguana (D:4)
  Jessica (D:3)
  2 sleepcaps
  4 orc wizards
  7 ogre zombies (D:10)
  Robin (D:3)
  8 gnolls
  3 adders (D:2)
  A river rat (D:3)
  3 shadow imps
  2 white imps (D:7)
  A worm (D:3)
  2 dart slugs (D:1)
  33 orcs
  5 ball pythons
  An endoplasm (D:1)
  A giant cockroach (D:2)
  13 goblins
  6 hobgoblins
  4 jackals
  16 kobolds
  6 quokkas
  7 bats
  4 frilled lizards
  4 goblin zombies (D:10)
  An orc skeleton (D:10)
  10 orc zombies (D:10)
  7 rats
442 creatures vanquished.

Vanquished Creatures (collateral kills)
  2 ogres
  2 scorpions (D:5)
4 creatures vanquished.

Vanquished Creatures (others)
  A great orb of eyes (D:13)
  An ogre mage (D:13)
  A tengu warrior (D:13)
  A cyclops (D:13)
  A kobold demonologist (D:12)
  A queen bee (shapeshifter) (D:13)
  2 slime creatures
  A wind drake (shapeshifter) (D:9)
  The ghost of zurenarrh the Magician, an amateur TeAE (D:3)
  An ice beast (D:5)
  A wolf (D:9)
  2 centaurs
  A kobold brigand (D:9)
  2 scorpions
  2 howler monkeys (D:10)
  A hound (D:7)
  An orc priest (D:10)
  40 jellies
  An orc wizard (D:5)
  An ogre zombie (D:10)
  3 adders
  A worm (D:4)
  An endoplasm (D:2)
  9 orcs
  3 ball pythons
  A giant cockroach (D:3)
  3 goblins
  A hobgoblin (D:4)
  4 jackals (D:2)
  A frilled lizard (D:3)
  4 goblin skeletons (D:10)
  A goblin zombie (D:10)
  A hobgoblin skeleton (D:10)
  5 kobolds
  An orc skeleton (D:10)
  3 orc zombies (D:10)
  A rat (D:3)
106 creatures vanquished.

Grand Total: 552 creatures vanquished

Notes
Turn   | Place    | Note
-------+----------+-------------------------------------------
     0 | D:1      | nono the Ogre Fighter began the quest for the Orb.
     0 | D:1      | Reached XP level 1. HP: 24/24 MP: 1/1
   112 | D:1      | Reached XP level 2. HP: 32/33 MP: 2/2
   494 | D:1      | Reached XP level 3. HP: 35/41 MP: 3/3
   557 | D:1      | Found a faded altar of an unknown god.
   563 | D:1      | Prayed at the altar of an unknown god.
   563 | D:1      | Became a worshipper of Jiyva Jekafech the Shapeless
   563 | D:1      | Reached * piety under Jiyva
   972 | D:2      | Reached skill level 5 in Fighting
  1072 | D:2      | Reached XP level 4. HP: 50/50 MP: 4/4
  1074 | D:2      | Reached ** piety under Jiyva
  1287 | D:2      | Noticed Sigmund
  1298 | D:2      | Killed Sigmund
  1299 | D:2      | Reached skill level 6 in Fighting
  1299 | D:2      | Reached XP level 5. HP: 54/61 MP: 5/5
  1698 | D:3      | Noticed Jessica
  1703 | D:3      | Killed Jessica
  1704 | D:3      | Reached XP level 6. HP: 66/68 MP: 6/6
  1709 | D:3      | Reached *** piety under Jiyva
  1721 | D:3      | Noticed Robin
  1748 | D:3      | Killed Robin
  1814 | D:3      | Found a broken altar of Ashenzari.
  1839 | D:3      | Reached skill level 7 in Fighting
  1889 | D:3      | Noticed Grinder
  1924 | D:3      | Killed Grinder
  1925 | D:3      | Reached XP level 7. HP: 79/79 MP: 7/7
  1940 | D:3      | Found a runed translucent door.
  2025 | D:3      | Gained mutation: You have acidic saliva. [Jiyva's grace]
  2025 | D:3      | Gained mutation: Armour fits poorly on your pseudopods.
                  | [Jiyva's grace]
  2025 | D:3      | Gained mutation: Armour fits poorly on your large
                  | pseudopods. [Jiyva's grace]
  2025 | D:3      | Gained mutation: Armour fits poorly on your massive
                  | pseudopods. [Jiyva's grace]
  2146 | D:3      | Found a runed translucent door.
  2149 | D:3      | Noticed zurenarrh's ghost (amateur TeAE)
  2164 | D:3      | Reached **** piety under Jiyva
  2450 | D:3      | Killed zurenarrh's ghost
  2606 | D:4      | Reached skill level 8 in Fighting
  2606 | D:4      | Reached skill level 5 in Maces & Flails
  2668 | D:4      | Reached ***** piety under Jiyva
  2822 | D:4      | Reached skill level 9 in Fighting
  2864 | D:4      | Lost mutation: You have acidic saliva. [Jiyva's grace]
  2864 | D:4      | Lost mutation: Armour fits poorly on your massive
                  | pseudopods. [Jiyva's grace]
  2864 | D:4      | Gained mutation: Your body has grown eyes which may confuse
                  | attackers. (Acc +3) [Jiyva's grace]
  2864 | D:4      | Gained mutation: Your body has grown many eyes which may
                  | confuse attackers. (Acc +5) [Jiyva's grace]
  2864 | D:4      | Gained mutation: Your body is covered in eyes which may
                  | confuse attackers. (Acc +7, SInv) [Jiyva's grace]
  2864 | D:4      | Gained mutation: You have a small jelly attached to you
                  | that may absorb projectiles. [Jiyva's grace]
  3222 | D:4      | Reached skill level 10 in Fighting
  3222 | D:4      | Reached XP level 8. HP: 93/93 MP: 8/8
  3413 | D:4      | Found a sacrificial altar of Ru.
  3722 | D:5      | Entered Level 5 of the Dungeon
  3934 | D:5      | Reached skill level 11 in Fighting
  4072 | D:5      | Reached skill level 12 in Fighting
  4367 | D:6      | Noticed Menkaure
  4417 | D:5      | Reached skill level 13 in Fighting
  4417 | D:5      | Reached XP level 9. HP: 110/110 MP: 9/9
  4428 | D:6      | Killed Menkaure
  4440 | D:5      | Reached skill level 14 in Fighting
  4512 | D:6      | Noticed Maggie
  4529 | D:6      | Killed Maggie
  4625 | D:6      | Reached skill level 15 in Fighting
  4637 | D:6      | Reached ****** piety under Jiyva
  4699 | D:6      | Identified the +1 robe "Dutsun" {rN+ Dex+2 Stlth+}
  4837 | D:6      | Found a radiant altar of Vehumet.
  4966 | D:7      | Gained mutation: You have a small jelly attached to you
                  | that senses nearby items. [Jiyva's grace]
  4966 | D:7      | Gained mutation: You are resistant to electric shocks.
                  | (rElec) [Jiyva's grace]
  4966 | D:7      | Gained mutation: Your melee attacks may engulf your foes in
                  | ooze. [Jiyva's grace]
  4966 | D:7      | Gained mutation: You are covered in slimy tendrils that may
                  | disarm your opponents. [Jiyva's grace]
  5044 | D:7      | Found a staircase to the Ecumenical Temple.
  5555 | D:7      | Reached XP level 10. HP: 74/127 MP: 10/10
  5687 | D:7      | Reached skill level 16 in Fighting
  5796 | D:8      | You fall into a shaft and drop 3 floors!
  5798 | D:11     | Found a broken altar of Ashenzari.
  5977 | D:11     | Noticed a cyclops
  5985 | D:11     | Noticed a two-headed ogre
  5990 | D:10     | Entered Level 10 of the Dungeon
  6009 | D:10     | Noticed a two-headed ogre
  6107 | D:9      | Noticed a two-headed ogre
  6110 | D:9      | Killed a two-headed ogre
  6111 | D:9      | Reached skill level 17 in Fighting
  6371 | D:8      | Found a large runed translucent door.
  6371 | D:8      | Found a large runed translucent door.
  6384 | D:8      | Lost mutation: Armour fits poorly on your large pseudopods.
                  | [Jiyva's grace]
  6384 | D:8      | Lost mutation: Armour fits poorly on your pseudopods.
                  | [Jiyva's grace]
  6384 | D:8      | Gained mutation: You have acidic saliva. [Jiyva's grace]
  6384 | D:8      | Gained mutation: Your mind is acute. (Int +4, Str/Dex -1)
                  | [Jiyva's grace]
  6384 | D:8      | Gained mutation: Your mind is very acute. (Int +8, Str/Dex
                  | -2) [Jiyva's grace]
  6384 | D:8      | Gained mutation: Your muscles are strong. (Str +4, Int/Dex
                  | -1) [Jiyva's grace]
  6384 | D:8      | Found a large runed translucent door.
  6384 | D:8      | Found a large runed translucent door.
  6393 | D:8      | Reached XP level 11. HP: 139/139 MP: 11/11
  6464 | D:8      | Noticed a boulder beetle
  6481 | D:8      | Killed a boulder beetle
  7134 | D:9      | Noticed Erolcha
  7138 | D:9      | Killed Erolcha
  7139 | D:9      | Reached skill level 18 in Fighting
  7242 | D:9      | Identified the +3 chain mail "Doze" {Str-3 Int+6 Dex+6}
  7397 | D:9      | Identified the +3 falchion of Uskayaw, Winnowing {heavy,
                  | rF+ rN+ MP+9 Dex+3}
  7457 | D:9      | Noticed a deep elf pyromancer
  7460 | D:9      | Killed a deep elf pyromancer
  7483 | D:9      | Found a runed translucent door.
  7747 | D:9      | Noticed an orc knight
  7752 | D:9      | Killed an orc knight
  7753 | D:9      | Reached skill level 5 in Shields
  7753 | D:9      | Noticed a harpy
  7755 | D:9      | Identified the +2 great mace of Bloodstone {holy, Will+
                  | Str+2}
  7755 | D:9      | Identified the ring of Zovu {MP+9 AC+4 Int+5 Dex-2}
  7755 | D:9      | Noticed a deep elf pyromancer
  7760 | D:9      | Killed a harpy
  7763 | D:9      | Killed a deep elf pyromancer
  7904 | D:10     | Found a staircase to the Lair.
  8110 | D:10     | Noticed a cyclops
  8123 | D:10     | Noticed Grum
  8128 | D:10     | Killed a cyclops
  8138 | D:10     | Killed Grum
  8161 | D:10     | Noticed a skeletal warrior
  8161 | D:10     | Noticed a skeletal warrior
  8161 | D:10     | Noticed a skeletal warrior
  8181 | D:10     | Killed a skeletal warrior
  8187 | D:10     | Killed a skeletal warrior
  8188 | D:10     | Reached skill level 10 in Maces & Flails
  8194 | D:10     | Killed a skeletal warrior
  8195 | D:10     | Reached XP level 12. HP: 111/153 MP: 12/12
  8243 | D:10     | Found a staircase to the Orcish Mines.
  8256 | D:10     | Killed a two-headed ogre
  8257 | D:10     | Reached skill level 19 in Fighting
  8490 | D:10     | Found an ornate altar of the Wu Jian Council.
  8538 | Lair:1   | Entered Level 1 of the Lair of Beasts
  8617 | Lair:1   | Lost mutation: Your mind is very acute. (Int +8, Str/Dex
                  | -2) [Jiyva's grace]
  8617 | Lair:1   | Lost mutation: You are resistant to electric shocks.
                  | (rElec) [Jiyva's grace]
  8617 | Lair:1   | Lost mutation: Your muscles are strong. (Str +4, Int/Dex
                  | -1) [Jiyva's grace]
  8617 | Lair:1   | Lost mutation: Your body is covered in eyes which may
                  | confuse attackers. (Acc +7, SInv) [Jiyva's grace]
  8617 | Lair:1   | Gained mutation: You expend magic power (3 MP) to
                  | strengthen your wands. [Jiyva's grace]
  8617 | Lair:1   | Gained mutation: Armour fits poorly on your pseudopods.
                  | [Jiyva's grace]
  8617 | Lair:1   | Gained mutation: Armour fits poorly on your large
                  | pseudopods. [Jiyva's grace]
  8617 | Lair:1   | Gained mutation: Armour fits poorly on your massive
                  | pseudopods. [Jiyva's grace]
  9021 | Lair:1   | Noticed an anaconda
  9023 | Lair:1   | Noticed a death yak
  9040 | Lair:1   | Killed an anaconda
  9113 | Lair:1   | Killed a death yak
  9121 | Lair:1   | Noticed an anaconda
  9140 | Lair:1   | Killed an anaconda
  9150 | Lair:1   | Reached skill level 20 in Fighting
  9164 | Lair:1   | Reached XP level 13. HP: 105/165 MP: 13/13
  9714 | Lair:2   | Found a staircase to the Snake Pit.
 10329 | Lair:3   | Identified the +9 quarterstaff "Rat Ukk" {vamp, +Blink
                  | Int+2 Dex+2}
 10367 | Lair:3   | Found a blossoming altar of Fedhas.
 10404 | Lair:3   | Lost mutation: Your body has grown many eyes which may
                  | confuse attackers. (Acc +5) [Jiyva's grace]
 10404 | Lair:3   | Lost mutation: Armour fits poorly on your massive
                  | pseudopods. [Jiyva's grace]
 10404 | Lair:3   | Lost mutation: You are covered in slimy tendrils that may
                  | disarm your opponents. [Jiyva's grace]
 10404 | Lair:3   | Lost mutation: Your melee attacks may engulf your foes in
                  | ooze. [Jiyva's grace]
 10404 | Lair:3   | Gained mutation: Your spells are a little harder to cast,
                  | but a little more powerful. [Jiyva's grace]
 10404 | Lair:3   | Gained mutation: Your spells are harder to cast, but more
                  | powerful. [Jiyva's grace]
 10404 | Lair:3   | Gained mutation: Your spells are much harder to cast, but
                  | much more powerful. [Jiyva's grace]
 10404 | Lair:3   | Gained mutation: You are partially covered in iridescent
                  | scales. (AC +2) [Jiyva's grace]
 10709 | Lair:3   | Noticed Nessos
 10712 | Lair:3   | Killed Nessos
 10713 | Lair:3   | Reached skill level 10 in Shields
 10910 | Lair:3   | Found a staircase to the Shoals.
 11073 | Lair:4   | Reached skill level 21 in Fighting
 11564 | Lair:4   | Found a runed translucent door.
 11564 | Lair:4   | Found a viscous altar of Jiyva.
 11565 | Lair:4   | Found a staircase to the Slime Pits.
 11574 | Slime:1  | Entered Level 1 of the Pits of Slime
 11574 | Slime:1  | Noticed a formless jellyfish
 11574 | Slime:1  | Noticed a formless jellyfish
 11598 | Slime:3  | Noticed an acid blob
 11599 | Slime:3  | Noticed an azure jelly
 11600 | Slime:3  | Noticed an azure jelly
 11613 | Slime:3  | Noticed a rockslime
 11622 | Slime:3  | Noticed a quicksilver ooze
 11624 | Slime:4  | Noticed a quicksilver ooze
 11633 | Slime:4  | Noticed a quicksilver ooze
 11635 | Slime:5  | Entered Level 5 of the Pits of Slime
 11654 | Slime:5  | Noticed a quicksilver ooze
 11662 | Slime:5  | Noticed an acid blob
 11663 | Slime:5  | Found a viscous altar of Jiyva.
 11663 | Slime:5  | Noticed a rockslime
 11664 | Slime:5  | Noticed an acid blob
 11664 | Slime:5  | Noticed an acid blob
 11665 | Slime:5  | Noticed an acid blob
 11665 | Slime:5  | Noticed the Royal Jelly
 11665 | Slime:5  | Noticed a rockslime
 11666 | Slime:5  | Noticed a great orb of eyes
 11671 | Slime:5  | Identified the ring "Lifeus" {rElec Will- rCorr Dex+2}
 11674 | Slime:5  | Noticed an acid blob
 11681 | Slime:5  | Got a slimy rune of Zot
 11682 | Slime:5  | Identified the +3 arbalest "String" {freeze, rN+ Will-
                  | Int+8}
 11698 | Slime:5  | Identified the +9 spear of Lyph {freeze, rN++ Str-3 Int+3
                  | Stlth+}
 11707 | Slime:5  | Identified the staff "Qas Guwn" {rElec rN+ Dex+6 Necro}
 11732 | Slime:5  | Noticed a rockslime
 11744 | Slime:4  | Noticed a quicksilver ooze
 11747 | Slime:4  | Noticed a rockslime
 11917 | Lair:5   | Entered Level 5 of the Lair of Beasts
 11979 | Lair:5   | Lost mutation: Your mind is acute. (Int +4, Str/Dex -1)
                  | [Jiyva's grace]
 11979 | Lair:5   | Lost mutation: You have a small jelly attached to you that
                  | senses nearby items. [Jiyva's grace]
 11979 | Lair:5   | Gained mutation: Armour fits poorly on your massive
                  | pseudopods. [Jiyva's grace]
 11979 | Lair:5   | Gained mutation: Your rubbery body absorbs attacks. (AC +1,
                  | EV +1) [Jiyva's grace]
 11979 | Lair:5   | Gained mutation: Your pliable body absorbs attacks. (AC +2,
                  | EV +2) [Jiyva's grace]
 11979 | Lair:5   | Gained mutation: Your gelatinous body deflects attacks. (AC
                  | +3, EV +3) [Jiyva's grace]
 12003 | Lair:5   | Reached XP level 14. HP: 167/179 MP: 14/14
 12538 | Lair:5   | Got the Encyclopedia of Mutated Conflict
 12826 | Lair:5   | Identified the +8 trident of the Tent {holy, Will+}
 13261 | D:11     | Found a transporter.
 13265 | D:11     | Found a transporter.
 13266 | D:11     | Noticed KimchiStew's ghost (journeyman GrHs)
 13587 | D:12     | Lost mutation: Your spells are much harder to cast, but
                  | much more powerful. [Jiyva's grace]
 13587 | D:12     | Lost mutation: Your spells are harder to cast, but more
                  | powerful. [Jiyva's grace]
 13587 | D:12     | Lost mutation: Your gelatinous body deflects attacks. (AC
                  | +3, EV +3) [Jiyva's grace]
 13587 | D:12     | Lost mutation: Your pliable body absorbs attacks. (AC +2,
                  | EV +2) [Jiyva's grace]
 13587 | D:12     | Lost mutation: Armour fits poorly on your massive
                  | pseudopods. [Jiyva's grace]
 13587 | D:12     | Lost mutation: Armour fits poorly on your large pseudopods.
                  | [Jiyva's grace]
 13587 | D:12     | Lost mutation: You have a small jelly attached to you that
                  | may absorb projectiles. [Jiyva's grace]
 13587 | D:12     | Lost mutation: You expend magic power (3 MP) to strengthen
                  | your wands. [Jiyva's grace]
 13587 | D:12     | Gained mutation: You have supernaturally acute eyesight.
                  | (SInv) [Jiyva's grace]
 13587 | D:12     | Gained mutation: Your body has grown many eyes which may
                  | confuse attackers. (Acc +5) [Jiyva's grace]
 13587 | D:12     | Gained mutation: Your body is covered in eyes which may
                  | confuse attackers. (Acc +7, SInv) [Jiyva's grace]
 13587 | D:12     | Gained mutation: You are somewhat resistant to further
                  | mutation. [Jiyva's grace]
 13775 | D:12     | Reached skill level 22 in Fighting
 14387 | D:13     | Found a glowing golden altar of the Shining One.
 14675 | D:13     | Noticed a storm dragon
 14676 | D:13     | Noticed a fire giant
 14684 | D:13     | Killed a storm dragon
 14686 | D:13     | Killed a fire giant
 15077 | D:13     | Reached XP level 15. HP: 56/192 MP: 15/15
 15175 | D:13     | Found a gate to the Vaults.
 15485 | D:14     | Found a frozen archway.
 15495 | IceCv    | Entered an ice cave
 15497 | IceCv    | Gained mutation: Your translucent skin slightly reduces
                  | your foes' accuracy. (Stealth+) [Jiyva's grace]
 15497 | IceCv    | Gained mutation: Your translucent skin reduces your foes'
                  | accuracy. (Stealth+) [Jiyva's grace]
 15497 | IceCv    | Gained mutation: Your transparent skin significantly
                  | reduces your foes' accuracy. (Stealth+) [Jiyva's grace]
 15497 | IceCv    | Gained mutation: You have a small jelly attached to you
                  | that senses nearby items. [Jiyva's grace]
 15520 | IceCv    | Annihilated by a golden dragon simulacrum

Illustrated notes

Levels and vault maps discovered:
D:1:      dpeg_arrival_boxes_within_box, layout_basic,
          shapermc_ecumenical_altar_mp_ritualfount
D:2:      layout_basic, uniq_sigmund
D:3:      layout_basic, lemuel_round_altar, ebering_ghost_sewer_f,
          interstate_on_off, uniq_jessica, uniq_grinder, uniq_robin
D:4:      layout_layer_cave, lemuel_coloured_pillars_altar
D:5:      layout_loops_cross
D:6:      layout_basic, mainiacjoe_overflow_alcove_2, uniq_maggie, uniq_menkaure
D:7:      layout_basic, temple_green, minmay_misc_feat_doors
D:8:      layout_cave_pools, minmay_hollow_rounded_squares
D:9:      layout_grid_maze, serial_ice, serial_ice_m, serial_ice_h,
          serial_ice_l, serial_ice_b, minivault_13, uniq_erolcha
D:10:     layout_rooms, nzn_wu_jian_council_hall, david_lair_shrubbed,
          zombieorc2_lemuel, st_stairs_11, uniq_grum
D:11:     layout_cross, nzn_ghost_randoct, nicolae_ashenzari_panopticon
D:12:     minmay_wavy_crystal, layout_long_grid
D:13:     minmay_two_paths, layout_stronghold, david_vaults_5, tso_oasis_becter
D:14:     layout_cave_pools, biasface_ghost_orc_armoury,
          portal_ice_cave_entry_pillars_1, nicolae_trove_entry_columns,
          nicolae_eternal_life, uniq_roxanne
Lair:1:   layout_roguey, columned_hall_lemuel, st_stairs_4,
          nicolae_lair_lakeside_cave
Lair:2:   layout_concentric_octagons, minmay_snake_entry_guardpost_small,
          nicolae_lair_lindhole, serial_bayou_shore_b
Lair:3:   layout_chaotic_city, minmay_shoals_entry_hut,
          nicolae_quartered_pool_medium, lemuel_oklob_altar, uniq_nessos
Lair:4:   layout_hall_layers, slime_entry_2
Lair:5:   gammafunk_lair_ancient_temple, layout_cave_shapes,
          minmay_lair_oklob_items, wad_woods_river_04
Slime:1:  layout_caves
Slime:2:  layout_caves
Slime:3:  layout_caves, cheibrodos_slime_lost_civilization_4
Slime:4:  layout_caves
Slime:5
IceCv:    ice_cave_statue_garden_chambered

Skill      XL: |  1  2  3  4  5  6  7  8  9 10 11 12 13 14 |
---------------+-------------------------------------------+-----
Maces & Flails | 2 3 4 5 6 8 10 11 12 13 | 13.9
Fighting       | 5 6 7 10 13 15 17 18 20 21 22 | 22.7
Shields        | 6 8 10 12 | 12.6
Dodging        | |  2.6

Action                     |  1- 3 |  4- 6 |  7- 9 | 10-12 | 13-15 || total
---------------------------+-------+-------+-------+-------+-------++-------
  Melee: Flail             |   134 |    87 |    23 |       |       ||   244
         Dagger            |       |       |   125 |       |       ||   125
         Pseudopods        |       |       |    52 |    42 |   170 ||   264
         Bite              |       |       |     4 |    50 |    96 ||   150
         Giant spiked club |       |       |    82 |    17 |       ||    99
         Morningstar       |       |       |       |   386 |   604 ||   990
 Invoke: Oozemancy         |       |       |       |       |     1 ||     1
  Evoke: Wand              |       |       |       |     1 |       ||     1
    Use: Potion            |       |     1 |       |     1 |     1 ||     3
         Scroll            |       |       |       |     2 |     9 ||    11
   Stab: Confused          |       |       |     1 |     8 |     5 ||    14
 Armour: Robe              |    38 |    33 |    50 |   108 |   182 ||   411
  Dodge: Dodged            |    67 |    38 |   100 |   110 |   156 ||   471
  Block: Kite shield       |    60 |    36 |    46 |   210 |   395 ||   747
         Reflection        |       |       |       |     1 |     9 ||    10

Table legend: (Time is in decaauts)
 A = Elapsed time spent in this place.
 B = Non-inter-level travel time spent in this place.
 C = Inter-level travel time spent in this place.
 D = Time resting spent in this place.
 E = Time spent auto-exploring this place.
 F = Levels seen in this place.
 G = Mean time per level.
                   A        B        C        D        E       F      G
               +--------+--------+--------+--------+--------+-----+--------+
         Total |  15702 |  15001 |    701 |    224 |  10880 |  25 |  628.1 |
       Dungeon |  11095 |  10619 |    476 |    160 |   7854 |  14 |  792.5 |
          Lair |   4368 |   4174 |    194 |     64 |   3026 |   5 |  873.6 |
    Slime Pits |    212 |    181 |     31 |      0 |      0 |   5 |   42.4 |
      Ice Cave |     25 |     25 |      0 |      0 |      0 |   1 |   25.0 |
               +--------+--------+--------+--------+--------+-----+--------+

Top non-repeatable levels by time:
     D:9: 1331 daAuts
     D:4: 1249 daAuts
    D:13: 1138 daAuts
  Lair:5: 1097 daAuts
     D:1: 1011 daAuts
  Lair:2: 911 daAuts
  Lair:1: 853 daAuts
     D:7: 811 daAuts
     D:3: 802 daAuts
    D:10: 771 daAuts
  Lair:4: 755 daAuts
     D:2: 751 daAuts
  Lair:3: 751 daAuts
    D:12: 741 daAuts
     D:5: 732 daAuts
